 Dungeon Sprint DCSS version bcrawl-1.20 (webtiles) character file.

Game seed: 7088124916721387294

37 Freyura the Stinger (level 3, -1/26 HPs)
             Began as an Oni Air Elementalist on Jan 19, 2020.
             Slain by a sky beast (6 damage)
             ... in the Dungeon (Sprint IX: "|||||||||||||||||||||||||||||").
             The game lasted 00:01:22 (80 turns).

Freyura the Stinger (Oni Air Elementalist)            Turns: 80, Time: 00:01:23

Health: -1/26      AC:  2    Str: 11    XL:     3   Next: 41%
Magic:  1/10       EV: 12    Int: 17    God:
Gold:   0          SH:  0    Dex: 11    Spells: 8/9 levels left

rFire    . . .     SeeInvis .   (no weapon)
rCold    . . .     Gourm    .   (no shield)
rNeg     . . .     Faith    .   a - +0 animal skin
rPois    .         Spirit   .   (helmet restricted)
rElec    .         Reflect  .   (no cloak)
rCorr    .         Harm     .   (no gloves)
MR       .....     NoTele   +   (no boots)
Stlth    ++........             (no amulet)
HPRegen  0.08/turn              (no ring)
MPRegen  0.12/turn              (no ring)

@: very slightly contaminated
A: oni magic, claws 1, fangs 1, horns 1
a: no special abilities


You were in the Dungeon.
You were not hungry.

You visited 1 branch

Inventory:

Armour
 a - a +0 animal skin (worn)
Scrolls
 j - a scroll of blinking
Potions
 c - a potion of flight
 d - a potion of curing
 f - a potion of heal wounds
 g - a potion of haste
 h - 2 potions of magic
 i - a potion of berserk rage
Comestibles
 e - a ration {!d}


   Skills:
 - Level 1.7 Dodging
 + Level 3.8 Stealth
 * Level 3.9 Spellcasting
   Level 3.9 Conjurations
   Level 3.9 Hexes
   Level 3.9 Charms
   Level 3.9 Summonings
   Level 3.9 Necromancy
   Level 3.9 Translocations
   Level 3.9 Transmutations
   Level 3.9 Fire Magic
   Level 3.9 Ice Magic
   Level 3.9 Air Magic
   Level 3.9 Earth Magic
   Level 3.9 Poison Magic


You had 8 spell levels left.
You knew the following spells:

 Your Spells              Type           Power        Failure   Level  Hunger
a - Shock                 Conj/Air       ###..        3%          1    None

Your spell library contained the following spells:

 Spells                   Type           Power        Failure   Level  Hunger
 Slow                     Hex            ###.....     2%          1    None
 Swiftness                Chrm/Air       ###.....     4%          2    ##.....
 Static Discharge         Air            ###.....     8%          3    ###....
 Airstrike                Air            ###.......   26%         4    ####...
 Lightning Bolt           Conj/Air       ###.......   65%         5    ######.


Dungeon Overview and Level Annotations

Branches:
Dungeon (1/1)

Altars:


Innate Abilities, Weirdness & Mutations

You learn spells by gaining experience, not through books or religion.
You only train spellcasting to practice magic.
You have sharp fingernails.
You have very sharp teeth.
You have a pair of small horns on your head.


Message History

You scratch the bat skeleton.
The bat skeleton is almost destroyed.
The bat skeleton completely misses you. The bat skeleton hits you.
The bat skeleton closely misses you.
You scratch the bat skeleton.
You destroy the bat skeleton!
You closely miss the sky beast. Your bite misses the sky beast.
The sky beast hits you. The sky beast shocks you.
The black bear goes berserk!
You scratch the sky beast but do no damage.
The sky beast barely misses you.
You scratch the sky beast but do no damage.
You headbutt the sky beast.
The sky beast is lightly wounded.
The sky beast completely misses you.
You scratch the sky beast. Your bite misses the sky beast.
The sky beast is lightly wounded.
The sky beast hits you.
* * * LOW HITPOINT WARNING * * *
The sky beast shocks you.
You die... ▓▓▓▓▓▓▓▓▓▓▓▓▓▓▓▓▓▓ ▓<...†.††.†@Yh...+ ▓▓▓▓▓▓▓▓▓▓▓▓▓▓▓▓▓▓

You could see a black bear (berserk) and a sky beast.

Vanquished Creatures
  A hound (D)
  A bat skeleton (D)
  A jackal (D)
  3 frilled lizards (D)
  A kobold (D)
  A rat (D)
8 creatures vanquished.

Notes
Turn   | Place    | Note
-------+----------+-------------------------------------------
     0 | D        | Freyura the Oni Air Elementalist began the quest for the
                  | Orb.
     0 | D        | Reached XP level 1. HP: 14/14 MP: 4/4
    66 | D        | Noticed a hound
    66 | D        | Noticed a sky beast
    66 | D        | Noticed a black bear
    73 | D        | Killed a hound
    73 | D        | Reached XP level 2. HP: 15/20 MP: 0/8
    73 | D        | Reached XP level 3. HP: 20/26 MP: 0/10
    80 | D        | Slain by a sky beast

Skill      XL: |  1 |
---------------+----+-----
Stealth        | 3 |  3.8
Spellcasting   | 3 |  3.9
Dodging        | |  1.7
Conjurations   | |  3.9
Hexes          | |  3.9
Charms         | |  3.9
Summonings     | |  3.9
Necromancy     | |  3.9
Translocations | |  3.9
Transmutations | |  3.9
Fire Magic     | |  3.9
Ice Magic      | |  3.9
Air Magic      | |  3.9
Earth Magic    | |  3.9
Poison Magic   | |  3.9

Action                   || total
-------------------------++-------
Melee: Unarmed           ||     8
       Headbutt          ||     2
 Cast: Shock             ||     7
Armor: Animal skin       ||     5
Dodge: Dodged            ||    13
